 Dungeon Crawl Stone Soup version 0.27.1 (webtiles) character file.

Game seed: 10408933338920812310

48 GreyFruit the Skirmisher (level 3, -35/30 HPs)
             Began as a Demonspawn Abyssal Knight on Aug 20, 2021.
             Was a Follower of Lugonu.
             Killed by an exploding adder (36 damage)
             ... ignited by their inner flame
             ... on level 2 of the Dungeon.
             The game lasted 00:02:17 (1413 turns).

GreyFruit the Skirmisher (DsAK)                     Turns: 1413, Time: 00:02:18

Health: -35/30     AC:  5    Str: 13    XL:     3   Next: 50%
Magic:  5/5        EV: 11    Int: 13    God:    Lugonu [*.....]
Gold:   62         SH:  0    Dex: 12    Spells: 2/2 levels left

rFire    . . .     SeeInvis .   a - +1 spear
rCold    . . .     Faith    .   (no shield)
rNeg     . . .     Spirit   .   b - +0 leather armour
rPois    .         Reflect  .   (no helmet)
rElec    .         Harm     .   (no cloak)
rCorr    .         Rampage  .   (no gloves)
Will     .....                  (no boots)
Stlth    +.........             (no amulet)
HPRegen  0.10/turn              (no ring)
MPRegen  0.09/turn              (no ring)

@: flying
A: thin metallic scales 1
a: Renounce Religion, Depart the Abyss


You were on level 2 of the Dungeon.
You worshipped Lugonu.
Lugonu was aware of your devotion.
You visited 1 branch of the dungeon, and saw 2 of its levels.
You visited the Abyss 1 time.

You collected 62 gold pieces.

Inventory:

Hand Weapons
 a - a +1 spear (weapon)
Armour
 b - a +0 leather armour (worn)
Jewellery
 h - an amulet of the acrobat
 i - an amulet of guardian spirit
Scrolls
 f - a scroll of noise


   Skills:
 + Level 3.8 Fighting
 + Level 2.1 Polearms
 + Level 2.0 Armour
 + Level 0.9 Dodging
 + Level 0.6 Stealth
 + Level 2.8 Invocations


You had 2 spell levels left.
You didn't know any spells.
Your spell library contained the following spells:

 Spells                   Type           Power      Damage    Failure   Level
 Sting                    Tmut/Pois      0%         1d3       36%         1
 Blink                    Tloc           N/A        N/A       52%         2
 Poisonous Vapours        Pois/Air       0%         N/A       52%         2
 Lesser Beckoning         Tloc           0%         N/A       75%         3
 Olgreb's Toxic Radiance  Pois           0%         N/A       98%         4
 Manifold Assault         Tloc           0%         N/A       100%        5


Dungeon Overview and Level Annotations

Branches:
Dungeon (2/15)

Altars:


Innate Abilities, Weirdness & Mutations

You are partially covered in thin metallic scales. (AC +2)


Message History

The adder misses you.
You closely miss the adder.
You feel sick.
You are no longer poisoned.
The adder barely misses you.
You barely miss the adder. The adder bites you.
You are poisoned.
The adder poisons you!
It was a potion of flight.
You feel very buoyant.
You fly up into the air.
You feel sick. The adder barely misses you.
As you read the scroll labelled WUNYTA BAINOXT, it crumbles to dust.
You speak a Word of immense power!
You are blasted by holy energy!
* * * LOW HITPOINT WARNING * * *
It was a scroll of holy word.
You feel sick. The adder bites you.
* * * LOW HITPOINT WARNING * * *
The adder bites you but does no damage.
As you read the scroll labelled LOSEIT YCUHUE, it crumbles to dust.
It is a scroll of identify.
f - a scroll of noise
* * * LOW HITPOINT WARNING * * *
You feel sick. The adder barely misses you.
As you read the scroll labelled WANNENU GOUF, it crumbles to dust.
The creatures around you are filled with an inner flame!
It was a scroll of immolation.
* * * LOW HITPOINT WARNING * * *
You feel sick. The adder bites you but does no damage.
Unknown command.
You hit the adder.
Flame seeps out of the adder.
The adder is moderately wounded.
* * * LOW HITPOINT WARNING * * *
You feel sick.
You are no longer poisoned.
The adder is engulfed in blazing flames.
Lugonu accepts your kill.
The adder explodes!
The fiery explosion engulfs the kobold!!
Lugonu accepts your kill. The fiery explosion engulfs you!!!
Ouch! That really hurt!
You die...

#. .# #### . . #... . #. #...
.#. #####... ........### #..
#....... ........§.# # #.#
#....... .#......§.#.# #.#
#####...8.8† ...S..§...#.# #@#
#.........._ ........§§..###○#
#.###...8.8. ....§...§...#.§b#
###.# #.......
.....§..§..#..#####...# #.......
......?.......##....#####...#...
......g.##.^.....###............
.......?.(K...K#####.##.........
.........##....# #..##..##.####
.......####....####.#.......###†


You could see a bat (inner flame) and a kobold.

Vanquished Creatures
  2 adders (D:2)
  A worm (D:2)
  4 bats
  3 endoplasms
  2 goblins (D:2)
  3 hobgoblins
  4 jackals (D:2)
  5 kobolds
  2 quokkas (D:1)
  3 ball pythons
  A frilled lizard (D:2)
  6 rats
36 creatures vanquished.

Notes
Turn   | Place    | Note
-------+----------+-------------------------------------------
     0 | Abyss:1  | GreyFruit the Demonspawn Abyssal Knight began the quest for
                  | the Orb.
     0 | Abyss:1  | Reached XP level 1. HP: 18/18 MP: 2/2
   212 | Abyss:1  | Noticed a small abomination
   227 | D:1      | Escaped the Abyss
   444 | D:1      | Reached * piety under Lugonu
   448 | D:1      | Gained mutation: You are partially covered in thin metallic
                  | scales. (AC +2) [demonic ancestry]
   448 | D:1      | Reached XP level 2. HP: 22/24 MP: 3/3
   948 | D:2      | Reached XP level 3. HP: 29/30 MP: 5/5
  1111 | D:2      | Found a faded altar of an unknown god.
  1413 | D:2      | HP: 1/30 [poisoned by an adder]
  1413 | D:2      | Killed by an exploding adder... ignited by their inner
                  | flame

Illustrated notes

Levels and vault maps discovered:
D:1:      dpeg_arrival_fog, layout_loops_ring
D:2:      layout_rooms, ebering_ecumenical_altar_ruins, serial_shops,
          nicolae_shop_stone, minmay_pentomino_u2

Skill      XL: |  1  2  3 |
---------------+----------+-----
Armour         | 2 |  2.0
Polearms       | 2 |  2.1
Fighting       | |  3.8
Dodging        | |  0.9
Stealth        | |  0.6
Invocations    | |  2.8

Action                   || total
-------------------------++-------
Melee: Spear             ||   105
Invok: Depart the Abyss  ||     1
  Use: Scroll            ||     3
       Potion            ||     1
 Stab: Sleeping          ||     2
Armor: Leather armour    ||    21
Dodge: Dodged            ||    49
